 Dungeon Crawl Stone Soup version 0.30-a0-576-g89cddaab80 (webtiles) character file.

Game seed: 7246085392099055026

2983 ryw the Scholar of Death (level 9, -1/72 HPs)
             Began as a Hill Orc Necromancer on Dec 30, 2022.
             Was a Follower of Kikubaaqudgha.
             Slain by a sky beast (5 damage)
             ... on level 6 of the Dungeon.
             The game lasted 00:24:34 (10145 turns).

ryw the Scholar of Death (Hill Orc Necromancer)    Turns: 10145, Time: 00:24:34

Health: -1/72      AC:  5    Str: 11    XL:     9   Next: 83%
Magic:  9/16       EV: 11    Int: 19    God:    Kikubaaqudgha [*.....]
Gold:   434        SH:  5    Dex: 11    Spells: 5/18 levels left

rFire   + . .      SeeInvis .    D - +1 war axe (distort)
rCold   . . .      Faith    .    h - +0 buckler
rNeg    . . .      Spirit   .    a - +0 robe
rPois   .          Reflect  .    p - +2 helmet
rElec   .          Harm     .    (no cloak)
rCorr   .          Rampage  .    (no gloves)
Will    .....                    (no boots)
Stlth   ++                       G - amulet of magic regeneration
HPRegen 0.32/turn                v - ring of protection from fire
MPRegen 0.55/turn                (no ring)

@: slowed, very slow
A: no striking features
a: Renounce Religion, Unearth Wretches


You were on level 6 of the Dungeon.
You worshipped Kikubaaqudgha.
Kikubaaqudgha was aware of your devotion.
You visited 2 branches of the dungeon, and saw 8 of its levels.

You collected 434 gold pieces.

Inventory:

Hand Weapons
 d - a +1 club
 l - the +3 arbalest of the Nexus {penet, +Blink rElec Dex-3}
   (You found it on level 5 of the Dungeon)

   Any ammunition fired by it passes through the targets it hits, potentially
   hitting all targets in its path until it reaches maximum range.
   Dex:       It affects your dexterity (-3).
   rElec:     It insulates you from electricity.
   +Blink:    It lets you blink.
 o - a +0 hand axe
 y - a +2 vampiric whip
 D - a +1 war axe of distortion (weapon)
Missiles
 e - 4 javelins
 k - a throwing net
 m - 3 curare-tipped darts
Armour
 a - a +0 robe (worn)
 h - a +0 buckler (worn)
 i - a +0 ring mail
 p - a +2 helmet (worn)
Jewellery
 v - a ring of protection from fire (left hand)
 G - an amulet of magic regeneration (around neck)
Wands
 C - a wand of mindburst (24)
 F - a wand of iceblast (6)
Scrolls
 c - 3 scrolls of vulnerability
 f - 4 scrolls of teleportation
 j - 2 scrolls of silence
 r - 2 scrolls of butterflies
 w - 2 scrolls of poison
Potions
 b - 2 potions of magic
 g - 2 potions of attraction
 q - 2 potions of curing
 s - a potion of haste
 t - 2 potions of brilliance
 u - a potion of resistance
 A - a potion of mutation {unknown}
 E - a potion of flight {unknown}
 H - 2 potions of lignification


   Skills:
 + Level 4.6 Fighting
 + Level 4.7 Axes
 + Level 1.8 Armour
 + Level 2.1 Dodging
 - Level 1.5 Stealth
 - Level 5.0 Shields
 - Level 5.0 Spellcasting
 * Level 9.7 Necromancy


You had 5 spell levels left.
You knew the following spells:

 Your Spells              Type           Power      Damage    Failure   Level
a - Necrotise             Necr           100%       1d9       1%          1
b - Vampiric Draining     Necr           41%        2d8       1%          3
c - Animate Dead          Necr           41%        N/A       2%          4
d - Agony                 Necr           41%        N/A       8%          5

Your spell library contained the following spells:

 Spells                   Type           Power      Damage    Failure   Level
 Sublimation of Blood     Necr           41%        N/A       1%          2
 Kiss of Death            Conj/Necr      92%        2d12      2%          1
 Kindle Blastsparks       Fire/Tloc/Air  8%         2d10      43%         3
 Fulminant Prism          Conj/Hex       2%         3d5       83%         4
 Iskenderun's Mystic Bla  Conj/Tloc      4%         2d3       83%         4
 Lee's Rapid Deconstruct  Erth           2%         3d4*      99%         5


Dungeon Overview and Level Annotations

Branches:
Dungeon (7/15)             Temple (1/1) D:5

Altars:
Cheibriados
Dithmenos
Kikubaaqudgha
Makhleb
Nemelex Xobeh
Okawaru
Qazlal
Trog
Uskayaw
Vehumet
Wu Jian
Yredelemnul
The Shining One

Annotations:
D:3 2 transporters, oldriver's ghost, amateur NaAr


Message History

The shadow imp completely misses you. You block the sky beast's attack.
You block the shadow imp's attack.
Training target 5.0 for Spellcasting reached!
Your Spellcasting skill increases to level 5!
You feel sick. The shadow imp barely misses you.
The sky beast hits you but does no damage.
You climb upwards.
You feel sick.
There is a stone staircase leading down, spattered with blood here.
You completely miss the sky beast. You closely miss the shadow imp.
You feel sick.
You are no longer poisoned.
The shadow imp barely misses you. The sky beast closely misses you.
The shadow imp hits you.
The sky beast flickers out of sight!
Deactivating autopickup; reactivate with Ctrl-A.
Something hits you. Something shocks you.
You barely miss something. You closely miss the shadow imp.
The shadow imp barely misses you. Something hits you. Something shocks you.
* * * LOW HITPOINT WARNING * * *
The shadow imp closely misses you.
A sky beast appears from thin air!
Reactivating autopickup.
You block the sky beast's attack.
You barely miss the sky beast. You hit the shadow imp.
The shadow imp blinks!
You block the sky beast's attack. The sky beast barely misses you.
You closely miss the sky beast.
The sky beast hits you but does no damage.
The shadow imp closely misses you.
The sky beast flickers out of sight!
Deactivating autopickup; reactivate with Ctrl-A.
Something hits you but does no damage.
You closely miss something. You hit the shadow imp.
The shadow imp blinks!
Something hits you.
* * * LOW HITPOINT WARNING * * *
Something shocks you.
* * * LOW HITPOINT WARNING * * *
The shadow imp hits you.
* * * LOW HITPOINT WARNING * * *
Something hits you.
* * * LOW HITPOINT WARNING * * *
Something shocks you.
You die...
Kikubaaqudgha rasps: "You have failed me!
Welcome... death!"

###..............
#................
#...............#
#............###.
#....####........
######....##.>.####..#
#....#..####.##....#.#
#...5{.......##....#.#
#...~@.............#.#
#...[.ยง............#..
#.....)..............#
#....#..<.............
#....#.............###
#....#.............# #
#....#.............# #
#....#.............# #
######.>.......###.# #


You could see a shadow imp.

Vanquished Creatures
  A hornet (D:7)
  Edmund (D:4)
  An orc warrior (D:6)
  3 ice beasts
  An ogre (D:7)
  A centaur (D:5)
  A kobold brigand (D:6)
  Blork the orc (D:4)
  A necrophage (D:5)
  5 scorpions
  6 wights
  3 hounds
  5 jellies
  A gnoll bouda (D:5)
  7 orc priests
  Ijyb (D:5)
  Natasha (thrice) (D:4 D:3)
  6 iguanas
  3 orc wizards
  5 gnolls
  3 adders
  3 shadow imps
  A white imp (D:5)
  An ufetubus (D:4)
  4 worms
  5 dart slugs
  22 orcs
  6 endoplasms
  5 giant cockroaches
  9 goblins
  7 hobgoblins
  2 jackals (D:4)
  A quokka (D:1)
  10 ball pythons
  8 bats
  A frilled lizard (D:1)
  10 kobolds
  6 rats
160 creatures vanquished.

Vanquished Creatures (collateral kills)
  3 orcs
  A kobold (D:1)
4 creatures vanquished.

Vanquished Creatures (others)
  A hound zombie (D:6)
  3 gnoll zombies
  An iguana zombie (D:6)
  A jelly zombie (D:6)
  An orc (D:6)
  6 orc zombies
13 creatures vanquished.

Grand Total: 177 creatures vanquished

Notes
Turn   | Place    | Note
-------+----------+-------------------------------------------
     0 | D:1      | ryw the Hill Orc Necromancer began the quest for the Orb.
     0 | D:1      | Reached XP level 1. HP: 14/14 MP: 3/3
   146 | D:1      | Reached XP level 2. HP: 18/20 MP: 0/4
   873 | D:1      | Reached XP level 3. HP: 21/26 MP: 5/5
  1356 | D:2      | Reached skill level 1 in Shields
  1503 | D:2      | Reached XP level 4. HP: 33/33 MP: 5/7
  1595 | D:2      | Reached skill level 5 in Necromancy
  2466 | D:3      | Found a transporter.
  2469 | D:3      | Noticed oldriver's ghost (amateur NaAr)
  2493 | D:3      | Found a transporter.
  2729 | D:3      | Found a burning altar of Makhleb.
  2913 | D:3      | Reached XP level 5. HP: 30/38 MP: 1/8
  3159 | D:3      | Learned a level 3 spell: Vampiric Draining
  3427 | D:4      | You fall into a shaft and drop 1 floor!
  3427 | D:5      | Entered Level 5 of the Dungeon
  3557 | D:5      | Noticed an ice beast
  3565 | D:5      | Killed an ice beast
  3566 | D:5      | Reached XP level 6. HP: 41/45 MP: 3/10
  3647 | D:5      | Reached skill level 6 in Necromancy
  3866 | D:4      | Noticed Blork the orc
  4038 | D:4      | Noticed Edmund
  4348 | D:4      | Noticed Natasha
  4355 | D:4      | Killed Natasha
  4356 | D:4      | Reached XP level 7. HP: 48/50 MP: 1/11
  4455 | D:4      | Noticed Natasha
  4484 | D:3      | Killed Natasha
  5185 | D:4      | Found an ornate altar of the Wu Jian Council.
  5233 | D:4      | Killed Blork the orc
  5386 | D:3      | Noticed Natasha
  5391 | D:3      | Killed Natasha
  5494 | D:4      | Killed Edmund
  5495 | D:4      | Reached skill level 7 in Necromancy
  5767 | D:5      | Found a bloodstained altar of Trog.
  6081 | D:5      | Reached XP level 8. HP: 57/57 MP: 9/13
  6243 | D:5      | Identified the +3 arbalest of the Nexus {penet, +Blink
                  | rElec Dex-3}
  6564 | D:5      | Learned a level 4 spell: Animate Dead
  6623 | D:5      | Found a basalt altar of Yredelemnul.
  6710 | D:5      | Noticed Ijyb
  6726 | D:5      | Killed Ijyb
  7294 | D:5      | Found a staircase to the Ecumenical Temple.
  7345 | Temple   | Entered the Ecumenical Temple
  7513 | Temple   | Became a worshipper of Kikubaaqudgha
  7876 | D:5      | Reached skill level 1 in Fighting
  7876 | D:5      | Reached skill level 8 in Necromancy
  8079 | D:5      | Reached skill level 1 in Axes
  8079 | D:5      | Reached skill level 5 in Shields
  8618 | D:6      | Reached XP level 9. HP: 68/68 MP: 11/15
  8625 | D:6      | Reached skill level 9 in Necromancy
  9401 | D:5      | Reached * piety under Kikubaaqudgha
  9401 | D:5      | Received a gift from Kikubaaqudgha
  9888 | D:7      | Reached skill level 1 in Armour
 10001 | D:7      | Noticed a hornet
 10122 | D:6      | Learned a level 5 spell: Agony
 10138 | D:7      | Killed a hornet
 10139 | D:7      | Reached skill level 5 in Spellcasting
 10145 | D:6      | Slain by a sky beast

Illustrated notes

Levels and vault maps discovered:
D:1:      lemuel_arrival_funnel, layout_basic, st_stairs_5,
          chequers_decorated_corner
D:2:      minmay_diamond_boxcup, layout_basic, kennysheep_path_1
D:3:      layout_loops_ring, mainiacjoe_overflow_brackets,
          gammafunk_ghost_arena, minmay_liquid_box, minmay_misc_feat_alley
D:4:      layout_loops_ring, nzn_wu_jian_contemplation, gup_sewer_entry_bowl,
          uniq_blork_the_orc, uniq_natasha, uniq_edmund
D:5:      layout_basic, mainiacjoe_overflow_small_starburst, kennysheep_mini,
          minmay_temple_entry_wispy, minmay_bent, uniq_ijyb
D:6:      layout_rooms
D:7:      minmay_bubble_buster, layout_loops_cross, grunt_gozag_statues,
          minitemple, serial_shops, shop, nicolae_shop_advertising_works
          [nicolae_subvault_shop_adworks], nicolae_shop_trees, shop,
          enter_bailey_4, minmay_misc_feat_tower
Temple:   chequers_temple_sunken

Skill      XL: |  1  2  3  4  5  6  7  8  9 |
---------------+----------------------------+-----
Spellcasting   | 2 3 4 5 |  5.0
Shields        | 1 2 3 4 5 |  5.0
Necromancy     | 5 6 7 8 9 |  9.7
Fighting       | 2 4 |  4.6
Axes           | 2 4 |  4.7
Armour         | 1 |  1.8
Dodging        | 2 |  2.1
Stealth        | |  1.5

Action                   |  1- 3 |  4- 6 |  7- 9 || total
-------------------------+-------+-------+-------++-------
Melee: Unarmed           |     3 |       |       ||     3
       Club              |    84 |    40 |     2 ||   126
       Whip              |       |       |   106 ||   106
       War axe           |       |       |   150 ||   150
 Cast: Necrotise         |    43 |   114 |    54 ||   211
       Vampiric Draining |       |       |    26 ||    26
       Animate Dead      |       |       |     3 ||     3
       Agony             |       |       |     3 ||     3
Evoke: Wand              |       |       |     8 ||     8
  Use: Scroll            |       |    11 |    11 ||    22
       Potion            |       |       |     4 ||     4
 Stab: Sleeping          |     1 |       |       ||     1
Armor: Robe              |     3 |       |     6 ||     9
       Ring mail         |    54 |    41 |    88 ||   183
       Skin              |       |       |     5 ||     5
Dodge: Dodged            |    62 |    52 |   189 ||   303
Block: Buckler           |    18 |    20 |    79 ||   117

Table legend: (Time is in decaauts)
 A = Elapsed time spent in this place.
 B = Non-inter-level travel time spent in this place.
 C = Inter-level travel time spent in this place.
 D = Time resting spent in this place.
 E = Time spent auto-exploring this place.
 F = Levels seen in this place.
 G = Mean time per level.
                   A        B        C        D        E       F      G
               +--------+--------+--------+--------+--------+-----+--------+
         Total |  10362 |   9607 |    755 |   2459 |   5095 |   8 | 1295.2 |
       Dungeon |  10134 |   9402 |    732 |   2459 |   4899 |   7 | 1447.7 |
        Temple |    227 |    204 |     23 |      0 |    196 |   1 |  227.0 |
               +--------+--------+--------+--------+--------+-----+--------+

Top non-repeatable levels by time:
     D:5: 2705 daAuts
     D:4: 1773 daAuts
     D:3: 1634 daAuts
     D:1: 1333 daAuts
     D:2: 1187 daAuts
     D:6: 1044 daAuts
     D:7: 456 daAuts
  Temple: 227 daAuts
